Workbook

Sheet ANEXO 1 - COTIZACION
A1: ANEXO 1
C2: ANALISIS DE COTIZACIONES
C3: "PRESTAR EL SERVICIO DE MANTENIMIENTO PREVENTIVO Y SOPORTE TÉCNICO DE LOS SIGUIENTES EQUIPOS DE LA FISCALÍA GENERAL DE LA NACIÓN DEL NIVEL CENTRAL ASI: GRUPO 1: MICROSCOPIO ELECTRÓNICO DE BARRIDO, MARCA ZEISS, MODELO EVO 50. GRUPO 2: MICROSCOPIO ELECTRÓNICO DE BARRIDO, MARCA ZEISS, MODELO MA15. GRUPO 3: MICROSCOPIO ELECTRÓNICO DE BARRIDO MARCA ZEISS MODELO SIGMA 500. GRUPO 4: RECUBRIDOR MARCA EDWARDS MODELO S150B, Y RECUBRIDOR MARCA CRESSINGTON MODELO 108 CARBÓN/A. "
G4: MANTINS COT2025001 TELEFONO 429 52 02 | I4: NM TECNOLOGIES
G5: COTIZACION 1 | I5: COTIZACION 2 | K5: VALOR COTIZACIÓN HÁBIL MÁS BAJA | L5: PROMEDIO | M5: VALOR COTIZACIÓN HÁBIL MÁS ALTA | N5: PORCENTAJE DIFERENCIAL (BAJA/PROMEDIO) | O5: vALOR UNITARIO SIN IVA | Q5: ANALISIS DE COTIZACIONES
G6: MANTINS | I6: NMTECNOLOGIES
A7: GRUPO | B7: DESCRIPCIÓN | C7: UNIDAD DE MEDIDA | D7: CANTIDAD EQUIPOS | E7: CANTIDAD MANTENIMIENTOS | G7: VALOR UNITARIO SIN IVA | I7: VALOR UNITARIO CON IVA | K7: VALOR UNITARIO SIN IVA | L7: VALOR UNITARIO SIN IVA | M7: VALOR UNITARIO SIN IVA | N7: 40% > / < | O7: VALOR UNITARIO SIN IVA | Q7: VALOR UNITARIO SIN IVA | R7: IVA | S7: VALOR UNITARIO CON IVA | T7: VALOR TOTAL CON IVA
B8: GRUPO 1
A9: 1 | B9: Microscopio Electrónico de Barrido, marca ZEISS, Modelo EVO 50 | C9: Unidad | D9: 1 | E9: 2 | G9: =ROUND(24149859,2) -> 24149859 | I9: =ROUND(24250000,2) -> 24250000 | K9: =ROUND(MIN(G9,I9),2) -> 24149859 | L9: =ROUND(AVERAGE(G9,I9),2) -> 24199930 | M9: =ROUND(+MAX(G9,I9),2) -> 24250000 | N9: =+(M9/K9)-1 -> 0.0041466495 | O9: =+ROUND(AVERAGE(K9,L9),2) -> 24174894 | Q9: =ROUND(+O9,2) -> 24174894 | R9: =ROUND(Q9*19%,2) -> 4593229.9 | S9: =ROUND(Q9+R9,2) -> 28768124 | T9: =ROUND(S9*D9*E9,2) -> 57536248
S10: TOTAL GRUPO 1 | T10: =ROUND(SUM(T9),2) -> 57536248
B11: GRUPO 2
A12: 2 | B12: Microscopio Electrónico de Barrido, marca ZEISS, Modelo MA15 | C12: Unidad | D12: 1 | E12: 2 | G12: =ROUND(24149859,2) -> 24149859 | I12: =ROUND(24250000,2) -> 24250000 | K12: =ROUND(MIN(G12,I12),2) -> 24149859 | L12: =ROUND(AVERAGE(G12,I12),2) -> 24199930 | M12: =ROUND(+MAX(G12,I12),2) -> 24250000 | N12: =+(M12/K12)-1 -> 0.0041466495 | O12: =+ROUND(AVERAGE(K12,L12),2) -> 24174894 | Q12: =ROUND(O12,2) -> 24174894 | R12: =ROUND(Q12*19%,2) -> 4593229.9 | S12: =ROUND(Q12+R12,2) -> 28768124 | T12: =ROUND(S12*D12*E12,2) -> 57536248
S13: TOTAL GRUPO 2 | T13: =ROUND(SUM(T12),2) -> 57536248
B14: GRUPO 3
A15: 3 | B15: Microscopio Electrónico de Barrido marca ZEISS modelo SIGMA 500. | C15: Unidad | D15: 1 | E15: 2 | G15: =ROUND(24149859,2) -> 24149859 | I15: =ROUND(28500000,2) -> 28500000 | K15: =ROUND(MIN(G15,I15),2) -> 24149859 | L15: =ROUND(AVERAGE(G15,I15),2) -> 26324930 | M15: =ROUND(+MAX(G15,I15),2) -> 28500000 | N15: =+(M15/K15)-1 -> 0.18013111 | O15: =+ROUND(AVERAGE(K15,L15),2) -> 25237394 | Q15: =ROUND(O15,2) -> 25237394 | R15: =ROUND(Q15*19%,2) -> 4795104.9 | S15: =ROUND(Q15+R15,2) -> 30032499 | T15: =ROUND(S15*D15*E15,2) -> 60064998
S16: TOTAL GRUPO 3 | T16: =ROUND(SUM(T15),2) -> 60064998
B17: GRUPO 4
A18: 4 | B18: Recubridor Marca Edwards Modelo S150B | C18: Unidad | D18: 1 | E18: 2 | G18: =ROUND(5509618,2) -> 5509618 | I18: =ROUND(5850000,2) -> 5850000 | K18: =ROUND(MIN(G18,I18),2) -> 5509618 | L18: =ROUND(AVERAGE(G18,I18),2) -> 5679809 | M18: =ROUND(+MAX(G18,I18),2) -> 5850000 | N18: =+(M18/K18)-1 -> 0.061779601 | O18: =+ROUND(AVERAGE(K18,L18),2) -> 5594713.5 | Q18: =ROUND(O18,2) -> 5594713.5 | R18: =ROUND(Q18*19%,2) -> 1062995.6 | S18: =ROUND(Q18+R18,2) -> 6657709.1 | T18: =ROUND(S18*D18*E18,2) -> 13315418
B19: Recubridor Marca Cressington Modelo 108 Carbón/A. | C19: Unidad | D19: 1 | E19: 2 | G19: =ROUND(4732000,2) -> 4732000 | I19: =ROUND(5200000,2) -> 5200000 | K19: =ROUND(MIN(G19,I19),2) -> 4732000 | L19: =ROUND(AVERAGE(G19,I19),2) -> 4966000 | M19: =ROUND(+MAX(G19,I19),2) -> 5200000 | N19: =+(M19/K19)-1 -> 0.098901099 | O19: =+ROUND(AVERAGE(K19,L19),2) -> 4849000 | Q19: =ROUND(O19,2) -> 4849000 | R19: =ROUND(Q19*19%,2) -> 921310 | S19: =ROUND(Q19+R19,2) -> 5770310 | T19: =ROUND(S19*D19*E19,2) -> 11540620
S20: TOTAL GRUPO 4 | T20: =ROUND(SUM(T18:T19),2) -> 24856038
A21: TOTAL | G21: =ROUND(SUM(G9:G19),2) -> 82691195 | I21: =ROUND(SUM(I9:I19),2) -> 88050000 | S21: TOTAL GRUPO 1,2,3,4 | T21: =ROUND(SUM(T10+T13+T16+T20),2) -> 1.9999353e+08
B23: NOTAS:
B24: 1) Se realizó el estudio con 2 cotizaciones las cuales cumplen con lo solicitado por la entidad
B25: 2) Para establecer el valor del mercado se utilizo la formula media aritmetica baja entre las cotizaciones recibidas.
B26: Fecha de Elaboraciòn :

Sheet ANEXO 2 - COSTO HISTORICO
A1: ANEXO 2
C2: ANALISIS DE COSTOS HISTORICOS
C3: "PRESTAR EL SERVICIO DE MANTENIMIENTO PREVENTIVO Y SOPORTE TÉCNICO DE LOS SIGUIENTES EQUIPOS DE LA FISCALÍA GENERAL DE LA NACIÓN DEL NIVEL CENTRAL ASI: GRUPO 1: MICROSCOPIO ELECTRÓNICO DE BARRIDO, MARCA ZEISS, MODELO EVO 50. GRUPO 2: MICROSCOPIO ELECTRÓNICO DE BARRIDO, MARCA ZEISS, MODELO MA15. GRUPO 3: MICROSCOPIO ELECTRÓNICO DE BARRIDO MARCA ZEISS MODELO SIGMA 500. GRUPO 4: RECUBRIDOR MARCA EDWARDS MODELO S150B, Y RECUBRIDOR MARCA CRESSINGTON MODELO 108 CARBÓN/A. "
F4: FGN-NC-MC-0024-2024 | H4: 45444 | I4: 45689 | K4: ANALISIS DE COSTOS HISTORICOS
A5: GRUPO | B5: DESCRIPCIÓN | C5: UNIDAD DE MEDIDA | D5: CANTIDAD EQUIPOS | F5: VALOR UNITARIO SIN IVA | H5: 1.4338 | I5: 1.479 | K5: VALOR UNITARIO SIN IVA | L5: VALOR TOTAL SIN IVA
A6: 1 | B6: Microscopio Electrónico de Barrido, marca ZEISS, Modelo EVO 50 | C6: Unidad | D6: 1 | F6: =ROUND(21954417,2) -> 21954417 | H6: =ROUND($I$5/$H$5*F6,2) -> 22646522 | K6: =+ROUND(H6,2) -> 22646522 | L6: =ROUND(K6*D6,2) -> 22646522
A7: 2 | B7: Microscopio Electrónico de Barrido, marca ZEISS, Modelo MA15 | C7: Unidad | D7: 1 | F7: =ROUND(21954417,2) -> 21954417 | H7: =ROUND($I$5/$H$5*F7,2) -> 22646522 | K7: =+ROUND(H7,2) -> 22646522 | L7: =ROUND(K7*D7,2) -> 22646522
A8: 3 | B8: Microscopio Electrónico de Barrido marca ZEISS modelo SIGMA 500. | C8: Unidad | D8: 1 | F8: 0 | H8: =ROUND($I$5/$H$5*F8,0) -> 0 | K8: =+ROUND(H8,2) -> 0 | L8: =ROUND(K8*D8,2) -> 0
A9: 4 | B9: Recubridor Marca Edwards Modelo S150B | C9: Unidad | D9: 1 | F9: =ROUND(5509618,2) -> 5509618 | H9: =ROUND($I$5/$H$5*F9,2) -> 5683306.6 | K9: =+ROUND(H9,2) -> 5683306.6 | L9: =ROUND(K9*D9,2) -> 5683306.6
B10: Recubridor Marca Cressington Modelo 108 Carbón/A. | C10: Unidad | D10: 1 | F10: =ROUND(4732818,2) -> 4732818 | H10: =ROUND($I$5/$H$5*F10,2) -> 4882018.3 | K10: =+ROUND(H10,2) -> 4882018.3 | L10: =ROUND(K10*D10,2) -> 4882018.3
A11: TOTAL | L11: =ROUND(SUM(L6:L10),2) -> 55858368
N12: https://www.dane.gov.co/index.php/estadisticas-por-tema/precios-y-costos/indice-de-precios-al-consumidor-ipc
B13: 1)En el presente análisis se aplicó el procedimiento de aproximación generalmente aceptado por las reglas matemáticas denominado redondeo a dos decimales, esto es, si el tercer decimal es menor que 5, el segundo decimal se mantiene; si el tercer decimal es igual o mayor que 5, el segundo decimal se incrementa en uno. 2)El proponente, en la estructuración de su oferta económica, deberá presentar máximo dos decimales, con el fin de no afectar el cálculo de variables como IVA, AYS o AIU. 3) El índice refleja la evolución promedio de los precios de todos los artículos/insumos es decir, se refiere a un promedio tomado sobre la base de todos los productos ofrecidos en el mercado . 4) Para traer a valor presente los precios unitarios, se toma el índice de serie del mes vigente dividido por el índice de serie del mes y año en que fue efectuada la compra. Este resultado se multiplica por el precio de la misma.
B14: Fecha de Elaboraciòn :

Sheet ANEXO 3 - PROY COSTOS
A1: ANEXO 3
C2: PROYECCION DE COSTOS 2025
C3: "PRESTAR EL SERVICIO DE MANTENIMIENTO PREVENTIVO Y SOPORTE TÉCNICO DE LOS SIGUIENTES EQUIPOS DE LA FISCALÍA GENERAL DE LA NACIÓN DEL NIVEL CENTRAL ASI: GRUPO 1: MICROSCOPIO ELECTRÓNICO DE BARRIDO, MARCA ZEISS, MODELO EVO 50. GRUPO 2: MICROSCOPIO ELECTRÓNICO DE BARRIDO, MARCA ZEISS, MODELO MA15. GRUPO 3: MICROSCOPIO ELECTRÓNICO DE BARRIDO MARCA ZEISS MODELO SIGMA 500. GRUPO 4: RECUBRIDOR MARCA EDWARDS MODELO S150B, Y RECUBRIDOR MARCA CRESSINGTON MODELO 108 CARBÓN/A.
A4: NECESIDAD | G4: ANALISIS DE COTIZACIONES | I4: ANALISIS DE COSTOS HISTORICOS | K4: PROYECCION DE COSTOS 2025
A5: GRUPO | B5: =+'ANEXO 2 - COSTO HISTORICO'!B5 -> DESCRIPCIÓN | C5: =+'ANEXO 2 - COSTO HISTORICO'!C5 -> UNIDAD DE MEDIDA | D5: =+'ANEXO 2 - COSTO HISTORICO'!C5 -> UNIDAD DE MEDIDA | E5: CANTIDAD MANTENIMIENTOS | G5: VALOR UNITARIO SIN IVA | I5: VALOR UNITARIO SIN IVA | K5: VALOR UNITARIO SIN IVA | L5: IVA | M5: VALOR UNITARIO CON IVA | N5: VALOR TOTAL CON IVA
B6: GRUPO 1
A7: 1 | B7: Microscopio Electrónico de Barrido, marca ZEISS, Modelo EVO 50 | C7: Unidad | D7: 1 | E7: 2 | G7: ='ANEXO 1 - COTIZACION'!Q9 -> 24174894 | I7: ='ANEXO 2 - COSTO HISTORICO'!K6 -> 22646522 | K7: =ROUND(AVERAGE(G7,I7),2) -> 23410708 | L7: =ROUND(K7*19%,2) -> 4448034.5 | M7: =ROUND(K7+L7,2) -> 27858742 | N7: =ROUND(M7*D7*E7,2) -> 55717485
M8: TOTAL GRUPO 1 | N8: =ROUND(SUM(N7),2) -> 55717485
B9: GRUPO 2
A10: 2 | B10: Microscopio Electrónico de Barrido, marca ZEISS, Modelo MA15 | C10: Unidad | D10: 1 | E10: 2 | G10: ='ANEXO 1 - COTIZACION'!Q12 -> 24174894 | I10: ='ANEXO 2 - COSTO HISTORICO'!K7 -> 22646522 | K10: =ROUND(AVERAGE(G10,I10),2) -> 23410708 | L10: =ROUND(K10*19%,2) -> 4448034.5 | M10: =ROUND(K10+L10,2) -> 27858742 | N10: =ROUND(M10*D10*E10,2) -> 55717485
M11: TOTAL GRUPO 2 | N11: =ROUND(SUM(N10),2) -> 55717485
B12: GRUPO 3
A13: 3 | B13: Microscopio Electrónico de Barrido marca ZEISS modelo SIGMA 500. | C13: Unidad | D13: 1 | E13: 2 | G13: ='ANEXO 1 - COTIZACION'!Q15 -> 25237394 | I13: ='ANEXO 2 - COSTO HISTORICO'!K8 -> 0 | K13: =ROUND(+G13,2) -> 25237394 | L13: =ROUND(K13*19%,2) -> 4795104.9 | M13: =ROUND(K13+L13,2) -> 30032499 | N13: =ROUND(M13*D13*E13,2) -> 60064998
M14: TOTAL GRUPO 3 | N14: =ROUND(SUM(N13),2) -> 60064998
B15: GRUPO 4
A16: 4 | B16: Recubridor Marca Edwards Modelo S150B | C16: Unidad | D16: 1 | E16: 2 | G16: ='ANEXO 1 - COTIZACION'!Q18 -> 5594713.5 | I16: ='ANEXO 2 - COSTO HISTORICO'!K9 -> 5683306.6 | K16: =ROUND(AVERAGE(G16,I16),2) -> 5639010.1 | L16: =ROUND(K16*19%,2) -> 1071411.9 | M16: =ROUND(K16+L16,2) -> 6710422 | N16: =ROUND(M16*D16*E16,2) -> 13420844
B17: Recubridor Marca Cressington Modelo 108 Carbón/A. | C17: Unidad | D17: 1 | E17: 2 | G17: ='ANEXO 1 - COTIZACION'!Q19 -> 4849000 | I17: ='ANEXO 2 - COSTO HISTORICO'!K10 -> 4882018.3 | K17: =ROUND(AVERAGE(G17,I17),2) -> 4865509.2 | L17: =ROUND(K17*19%,2) -> 924446.74 | M17: =ROUND(K17+L17,2) -> 5789955.9 | N17: =ROUND(M17*D17*E17,2) -> 11579912
M18: TOTAL GRUPO 4 | N18: =ROUND(SUM(N16:N17),2) -> 25000756
A19: TOTAL | M19: TOTAL GRUPO 1,2,3,4 | N19: =ROUND(SUM(N8+N11+N14+N18),2) -> 1.9650072e+08
B21: NOTAS:
B22: 1) Para establecer los valoresde de los items ( 1,2 y 4) del mercado, se utilizo la formula media aritmetica baja entre análisis de cotizaciones y análisis de costos históricos. 2) Para establecer el valor para el ítem 3, y por no haber valores historicos se tomo el valor de las cotizaciones.
B23: 2) En el presente análisis se aplicó el procedimiento de aproximación generalmente aceptado por las reglas matemáticas denominado redondeo a dos decimales, esto es, si el tercer decimal es menor que 5, el segundo decimal se mantiene; si el tercer decimal es igual o mayor que 5, el segundo decimal se incrementa en uno. El proponente, en la estructuración de su oferta económica, deberá presentar máximo dos decimales, con el fin de no afectar el cálculo de variables como IVA, AYS o AIU.
B24: Fecha de Elaboraciòn :

Sheet ANEXO P FINAL
A1: ANEXO 4
C2: PRESUPUESTO ASIGNADO 2025
C3: "PRESTAR EL SERVICIO DE MANTENIMIENTO PREVENTIVO Y SOPORTE TÉCNICO DE LOS SIGUIENTES EQUIPOS DE LA FISCALÍA GENERAL DE LA NACIÓN DEL NIVEL CENTRAL ASI: GRUPO 1: MICROSCOPIO ELECTRÓNICO DE BARRIDO, MARCA ZEISS, MODELO EVO 50. GRUPO 2: MICROSCOPIO ELECTRÓNICO DE BARRIDO, MARCA ZEISS, MODELO MA15. GRUPO 3: MICROSCOPIO ELECTRÓNICO DE BARRIDO MARCA ZEISS MODELO SIGMA 500. GRUPO 4: RECUBRIDOR MARCA EDWARDS MODELO S150B, Y RECUBRIDOR MARCA CRESSINGTON MODELO 108 CARBÓN/A.
A4: NECESIDAD | F4: ANALISIS DE COTIZACIONES | H4: ANALISIS DE COSTOS HISTORICOS | J4: PRESUPUESTO ASIGNADO 2025
A5: GRUPO | B5: =+'ANEXO 2 - COSTO HISTORICO'!B5 -> DESCRIPCIÓN | C5: =+'ANEXO 2 - COSTO HISTORICO'!C5 -> UNIDAD DE MEDIDA | D5: =+'ANEXO 2 - COSTO HISTORICO'!D5 -> CANTIDAD EQUIPOS | E5: CANTIDAD MANTENIMIENTOS | F5: VALOR UNITARIO | H5: VALOR UNITARIO | J5: VALOR UNITARIO SIN IVA | K5: IVA | L5: VALOR UNITARIO CON IVA | M5: VALOR TOTAL CON IVA
B6: GRUPO 1
A7: 1 | B7: Microscopio Electrónico de Barrido, marca ZEISS, Modelo EVO 50 | C7: Unidad | D7: 1 | E7: 2 | F7: ='ANEXO 1 - COTIZACION'!Q9 -> 24174894 | H7: ='ANEXO 2 - COSTO HISTORICO'!K6 -> 22646522 | J7: 23410708 | K7: =ROUND(J7*19%,2) -> 4448034.5 | L7: =ROUND(J7+K7,2) -> 27858742 | M7: =ROUND(L7*D7*E7,2) -> 55717485
L8: TOTAL GRUPO 1 | M8: =ROUND(SUM(M7),2) -> 55717485
B9: GRUPO 2
A10: 2 | B10: Microscopio Electrónico de Barrido, marca ZEISS, Modelo MA15 | C10: Unidad | D10: 1 | E10: 2 | F10: ='ANEXO 1 - COTIZACION'!Q12 -> 24174894 | J10: 23410708 | K10: =ROUND(J10*19%,2) -> 4448034.5 | L10: =ROUND(J10+K10,2) -> 27858742 | M10: =ROUND(L10*D10*E10,2) -> 55717485
L11: TOTAL GRUPO 2 | M11: =ROUND(SUM(M10),2) -> 55717485
B12: GRUPO 3
A13: 3 | B13: Microscopio Electrónico de Barrido marca ZEISS modelo SIGMA 500. | C13: Unidad | D13: 1 | E13: 2 | F13: ='ANEXO 1 - COTIZACION'!Q15 -> 25237394 | H13: ='ANEXO 2 - COSTO HISTORICO'!K8 -> 0 | J13: 25237394 | K13: =ROUND(J13*19%,2) -> 4795104.9 | L13: =ROUND(J13+K13,2) -> 30032499 | M13: =ROUND(L13*D13*E13,2) -> 60064998
L14: TOTAL GRUPO 3 | M14: =ROUND(SUM(M13),2) -> 60064998
B15: GRUPO 4
A16: 4 | B16: Recubridor Marca Edwards Modelo S150B | C16: Unidad | D16: 1 | E16: 2 | F16: ='ANEXO 1 - COTIZACION'!Q18 -> 5594713.5 | H16: ='ANEXO 2 - COSTO HISTORICO'!K9 -> 5683306.6 | J16: 5639010.1 | K16: =ROUND(J16*19%,2) -> 1071411.9 | L16: =ROUND(J16+K16,2) -> 6710422 | M16: =ROUND(L16*D16*E16,2) -> 13420844
B17: Recubridor Marca Cressington Modelo 108 Carbón/A. | C17: Unidad | D17: 1 | E17: 2 | F17: ='ANEXO 1 - COTIZACION'!#REF! -> #REF! | H17: ='ANEXO 2 - COSTO HISTORICO'!K10 -> 4882018.3 | J17: 4865509.2 | K17: =ROUND(J17*19%,2) -> 924446.74 | L17: =ROUND(J17+K17,2) -> 5789955.9 | M17: =ROUND(L17*D17*E17,2) -> 11579912
L18: TOTAL GRUPO 4 | M18: =ROUND(SUM(M16:M17),2) -> 25000756
A19: TOTAL | L19: TOTAL GRUPO 1,2,3,4 | M19: =ROUND(SUM(M8+M11+M14+M18),2) -> 1.9650072e+08
B21: NOTAS:
B22: 1) Para establecer los valores de losGrupo 1,2 y 4 del mercado, se utilizo la formula media aritmetica baja entre análisis de cotizaciones y análisis de costos históricos.y para el Grupo 3 se tomó valor arrojado en cotizaciones
B23: 2) En el presente análisis se aplicó el procedimiento de aproximación generalmente aceptado por las reglas matemáticas denominado redondeo a dos decimales, esto es, si el tercer decimal es menor que 5, el segundo decimal se mantiene; si el tercer decimal es igual o mayor que 5, el segundo decimal se incrementa en uno. El proponente, en la estructuración de su oferta económica, deberá presentar máximo dos decimales, con el fin de no afectar el cálculo de variables como IVA, AYS o AIU.
B24: Fecha de Elaboraciòn :

Sheet OFERTA LISTA DE REPUESTOS
C1: LISTA DE REPUESTOS
B3: ITEM | C3: NECESIDAD | G3: PRECIO LISTA DE REPUESTOS | K3: VALORES LISTA DE REPUESTOS CONTRATO 2021
E4: CANTIDAD | G4: VALOR UNITARIO SIN IVA | H4: IVA | I4: VALOR UNITARIO IVA INCLUIDO | K4: VALOR UNITARIO SIN IVA | L4: IVA | M4: VALOR UNITARIO IVA INCLUIDO
B6: 1 | C6: FILTROS PLISADO KLC 65% 20X16X2 | D6: UN | E6: 1 | G6: 0 | H6: =+ROUND(G6*0.19,0) -> 0 | I6: =+G6+H6 -> 0 | K6: 250000 | L6: =+ROUND(K6*0.19,0) -> 47500 | M6: =+K6+L6 -> 297500
B7: 2 | C7: COMPRESOR 24000 BTU 1PH 200V R22 | D7: UN | E7: 1 | G7: 0 | H7: =+ROUND(G7*0.19,0) -> 0 | I7: =+G7+H7 -> 0 | K7: 1800000 | L7: =+ROUND(K7*0.19,0) -> 342000 | M7: =+K7+L7 -> 2142000
B8: 3 | C8: REFRIGERANTE R22 | D8: KG | E8: 1 | G8: 0 | H8: =+ROUND(G8*0.19,0) -> 0 | I8: =+G8+H8 -> 0 | K8: 75000 | L8: =+ROUND(K8*0.19,0) -> 14250 | M8: =+K8+L8 -> 89250
B9: 4 | C9: CAPACITADOR 45 UF 370V | D9: UN | E9: 1 | G9: 0 | H9: =+ROUND(G9*0.19,0) -> 0 | I9: =+G9+H9 -> 0 | K9: 80000 | L9: =+ROUND(K9*0.19,0) -> 15200 | M9: =+K9+L9 -> 95200
B10: 5 | C10: CONTACTOR 30 AMP 24V | D10: UN | E10: 1 | G10: 0 | H10: =+ROUND(G10*0.19,0) -> 0 | I10: =+G10+H10 -> 0 | K10: 250000 | L10: =+ROUND(K10*0.19,0) -> 47500 | M10: =+K10+L10 -> 297500
B11: 6 | C11: CONTACTOR 35 AMP 24V | D11: UN | E11: 1 | G11: 0 | H11: =+ROUND(G11*0.19,0) -> 0 | I11: =+G11+H11 -> 0 | K11: 300000 | L11: =+ROUND(K11*0.19,0) -> 57000 | M11: =+K11+L11 -> 357000
B12: 7 | C12: CONTACTOR 40 AMP 24V | D12: UN | E12: 1 | G12: 0 | H12: =+ROUND(G12*0.19,0) -> 0 | I12: =+G12+H12 -> 0 | K12: 350000 | L12: =+ROUND(K12*0.19,0) -> 66500 | M12: =+K12+L12 -> 416500
B13: 8 | C13: CORREA B38 BL | D13: UN | E13: 1 | G13: 0 | H13: =+ROUND(G13*0.19,0) -> 0 | I13: =+G13+H13 -> 0 | K13: 45000 | L13: =+ROUND(K13*0.19,0) -> 8550 | M13: =+K13+L13 -> 53550
B14: 9 | C14: CORREA A32 BL | D14: UN | E14: 1 | G14: 0 | H14: =+ROUND(G14*0.19,0) -> 0 | I14: =+G14+H14 -> 0 | K14: 40000 | L14: =+ROUND(K14*0.19,0) -> 7600 | M14: =+K14+L14 -> 47600
B15: 10 | C15: CORREA A27 | D15: UN | E15: 1 | G15: 0 | H15: =+ROUND(G15*0.19,0) -> 0 | I15: =+G15+H15 -> 0 | K15: 40000 | L15: =+ROUND(K15*0.19,0) -> 7600 | M15: =+K15+L15 -> 47600
B16: 11 | C16: CILINDRO REFRIGERANTE R410 A | D16: UN | E16: 1 | G16: 0 | H16: =+ROUND(G16*0.19,0) -> 0 | I16: =+G16+H16 -> 0 | K16: 850000 | L16: =+ROUND(K16*0.19,0) -> 161500 | M16: =+K16+L16 -> 1011500
B17: 12 | C17: CAPACITOR 15 MF | D17: UN | E17: 1 | G17: 0 | H17: =+ROUND(G17*0.19,0) -> 0 | I17: =+G17+H17 -> 0 | K17: 75000 | L17: =+ROUND(K17*0.19,0) -> 14250 | M17: =+K17+L17 -> 89250
... B27: 22 | C27: CORREA A-31 | D27: UN | E27: 1 | G27: 0 | H27: =+ROUND(G27*0.19,0) -> 0 | I27: =+G27+H27 -> 0 | K27: 65000 | L27: =+ROUND(K27*0.19,0) -> 12350 | M27: =+K27+L27 -> 77350
I28: =SUM(I6:I27) -> 0
C30: Empresa
C31: NIT
C32: Representante
C33: TELEFONO:
C34: EMAIL:
C35: FECHA :
